 Dungeon Crawl Stone Soup version 0.28.0-47-ge53b351184 (webtiles) character file.

Game seed: 1449919128449543730

35 Iusername the Skirmisher (level 3, 0/29 HPs)
             Began as a Human Fighter on May 2, 2022.
             Succumbed to an adder's poison
             ... on level 2 of the Dungeon.
             The game lasted 00:01:55 (1134 turns).

Iusername the Skirmisher (Human Fighter)            Turns: 1134, Time: 00:01:56

Health: 0/29       AC: 11    Str: 16    XL:     3   Next: 55%
Magic:  3/3        EV:  4    Int: 10    God:
Gold:   44         SH:  4    Dex: 12    Spells: 2/2 levels left

rFire   . . .      SeeInvis .   b - +1 spear (venom)
rCold   . . .      Faith    .   c - +0 buckler
rNeg    . . .      Spirit   .   g - +0 plate armour
rPois   .          Reflect  .   (no helmet)
rElec   .          Harm     .   (no cloak)
rCorr   .          Rampage  .   (no gloves)
Will    .....                   (no boots)
Stlth   ..........              (no amulet)
HPRegen 0.09/turn               (no ring)
MPRegen 0.08/turn               (no ring)

@: mighty, brilliant, lethally poisoned (0 -> -2)
A: no striking features
a: no special abilities


You were on level 2 of the Dungeon.
You visited 1 branch of the dungeon, and saw 2 of its levels.

You collected 44 gold pieces.

Inventory:

Hand Weapons
 b - a +1 spear of venom (weapon)
Armour
 c - a +0 buckler (worn)
 g - a +0 plate armour (worn)
Scrolls
 a - a scroll of fog {unknown}
 e - a scroll of amnesia {unknown}
 f - a scroll of vulnerability {unknown}
 h - a scroll of teleportation {unknown}
 j - 2 scrolls of identify {unknown}
 k - a scroll of enchant weapon {unknown}


   Skills:
 + Level 3.5 Fighting
 + Level 2.5 Axes
 + Level 3.2 Armour
 + Level 3.2 Shields


You had 2 spell levels left.
You didn't know any spells.
Your spell library contained the following spells:

 Spells                   Type           Power      Damage    Failure   Level
 Gell's Gravitas          Tloc           0%         N/A       100%        3
 Teleport Other           Tloc           0%         N/A       100%        3
 Dispersal                Tloc           0%         N/A       100%        6


Dungeon Overview and Level Annotations

Branches:
Dungeon (2/15)

Altars:


Message History

You feel sick. The adder barely misses you.
The endoplasm jiggles.
The endoplasm hits you. The adder bites you.
You are more poisoned.
The adder poisons you!
You are too injured to fight recklessly!
Unknown command.
You are too injured to fight recklessly!
Unknown command.
You are too injured to fight recklessly!
Unknown command.
You are too injured to fight recklessly!
Unknown command.
You feel very mighty all of a sudden.
You feel sick. The adder barely misses you. The endoplasm freezes you.
You are frozen.
* * * LOW HITPOINT WARNING * * *
You puncture the adder!
You kill the adder!
* * * LOW HITPOINT WARNING * * *
You feel sick.
The endoplasm hits you but does no damage.
It was a potion of brilliance.
You feel clever all of a sudden.
* * * LOW HITPOINT WARNING * * *
You feel sick.
The endoplasm hits you but does no damage.
You barely miss the endoplasm.
* * * LOW HITPOINT WARNING * * *
You feel sick. The endoplasm hits you.
* * * LOW HITPOINT WARNING * * *
You puncture the endoplasm!
You kill the endoplasm!
* * * LOW HITPOINT WARNING * * *
You feel sick.
Unknown command.
There is a lethal amount of poison in your body!
There is a lethal amount of poison in your body!
You die...

..............
................
................
................
.......... .....
......... ......
........##.....#
#.....<.†......
........@.......
..#.............
#...........##
............##
.............#
..............#
..............#
..#..........#


There were no monsters in sight!

Vanquished Creatures
  An adder (D:2)
  2 dart slugs (D:1)
  3 endoplasms
  3 goblins (D:1)
  2 hobgoblins (D:1)
  2 jackals (D:1)
  2 kobolds (D:1)
  A quokka (D:1)
  3 ball pythons
  2 frilled lizards (D:1)
21 creatures vanquished.

Notes
Turn   | Place    | Note
-------+----------+-------------------------------------------
     0 | D:1      | Iusername the Human Fighter began the quest for the Orb.
     0 | D:1      | Reached XP level 1. HP: 18/18 MP: 1/1
   276 | D:1      | Reached XP level 2. HP: 19/24 MP: 2/2
   772 | D:1      | Reached XP level 3. HP: 29/29 MP: 3/3
  1132 | D:2      | HP: 1/29 [endoplasm (1)]
  1134 | D:2      | Succumbed to an adder's poison

Illustrated notes

Levels and vault maps discovered:
D:1:      zaba_arrival_water, layout_basic, minivault_23
D:2:      layout_basic, chequers_mini_garden

Action                   || total
-------------------------++-------
Melee: War axe           ||    31
       Spear             ||    22
  Use: Potion            ||     2
Armor: Scale mail        ||    16
       Plate armour      ||     9
Dodge: Dodged            ||    16
Block: Buckler           ||     8
